 Dungeon Crawl Stone Soup version 0.28.0-43-g3370ac3207 (webtiles) character file.

Game seed: 17392952042821503906

137 Ablot the Grasshopper (level 5, 0/43 HPs)
             Began as a Gnoll Warper on Mar 6, 2022.
             Succumbed to an adder's poison
             ... on level 3 of the Dungeon.
             The game lasted 00:02:25 (2817 turns).

Ablot the Grasshopper (Gnoll Warper)                Turns: 2817, Time: 00:02:26

Health: 0/43       AC:  6    Str: 12    XL:     5   Next: 20%
Magic:  12/12      EV: 12    Int: 13    God:
Gold:   96         SH:  0    Dex: 11    Spells: 10/14 levels left

rFire   . . .      SeeInvis .   a - +0 spear
rCold   . . .      Faith    .   (no shield)
rNeg    . . .      Spirit   .   b - +0 leather armour
rPois   .          Reflect  .   (no helmet)
rElec   .          Harm     .   (no cloak)
rCorr   .          Rampage  .   g - +2 pair of gloves
Will    .....                   (no boots)
Stlth   +.........              (no amulet)
HPRegen 0.14/turn               (no ring)
MPRegen 0.13/turn               (no ring)

@: lethally poisoned (0 -> -13)
A: fangs 1, strong nose, distributed training
a: no special abilities


You were on level 3 of the Dungeon.
You visited 1 branch of the dungeon, and saw 3 of its levels.

You collected 96 gold pieces.

Inventory:

Hand Weapons
 a - a +0 spear (weapon)
 k - a +0 hunting sling
Missiles
 d - 5 boomerangs of dispersal (quivered)
 e - 29 arrows
 f - 49 stones
 l - 7 sling bullets
 p - a throwing net
 q - 28 bolts
Armour
 b - a +0 leather armour (worn)
 g - a +2 pair of gloves (worn)
Scrolls
 c - a scroll of blinking
 i - 2 scrolls of teleportation {unknown}
 m - a scroll of vulnerability {unknown}
 n - 3 scrolls of identify {unknown}
 o - a scroll of immolation {unknown}
 r - a scroll of brand weapon {unknown}
 s - a scroll of fog {unknown}
Potions
 h - a potion of might {unknown}
 j - 2 potions of curing {unknown}


   Skills:
 + Level 4.7 Fighting
 + Level 1.4 Short Blades
 + Level 1.4 Long Blades
 + Level 1.4 Axes
 + Level 1.4 Maces & Flails
 + Level 4.7 Polearms
 + Level 1.4 Staves
 + Level 1.4 Slings
 + Level 1.4 Bows
 + Level 1.4 Crossbows
 + Level 2.9 Throwing
 + Level 2.9 Armour
 + Level 4.7 Dodging
 + Level 1.4 Stealth
 + Level 1.4 Shields
 + Level 1.4 Unarmed Combat
 + Level 5.1 Spellcasting
 + Level 1.1 Conjurations
 + Level 1.1 Hexes
 + Level 1.1 Summonings
 + Level 1.1 Necromancy
 + Level 5.5 Translocations
 + Level 1.1 Transmutations
 + Level 1.1 Fire Magic
 + Level 1.1 Ice Magic
 + Level 1.1 Air Magic
 + Level 1.1 Earth Magic
 + Level 1.1 Poison Magic
 + Level 1.5 Invocations
 + Level 1.4 Evocations


You had 10 spell levels left.
You knew the following spells:

 Your Spells              Type           Power      Damage    Failure   Level
a - Blink                 Tloc           34%        N/A       3%          2
b - Wereblood             Tmut           6%         N/A       22%         2

Your spell library contained the following spells:

 Spells                   Type           Power      Damage    Failure   Level
 Gell's Gravitas          Tloc           17%        N/A       7%          3
 Lesser Beckoning         Tloc           17%        N/A       7%          3
 Teleport Other           Tloc           17%        N/A       7%          3
 Animate Skeleton         Necr           12%        N/A       14%         1
 Magic Dart               Conj           24%        1d4       14%         1
 Sandblast                Erth           12%        2d6       14%         1
 Sting                    Tmut/Pois      24%        1d4       14%         1
 Call Imp                 Summ           6%         N/A       22%         2
 Passwall                 Tmut/Erth      5%         N/A       22%         2
 Sublimation of Blood     Necr           6%         N/A       22%         2
 Mephitic Cloud           Conj/Pois/Air  6%         N/A       41%         3
 Stone Arrow              Conj/Erth      12%        3d7       41%         3
 Manifold Assault         Tloc           17%        N/A       54%         5
 Summon Hydra             Summ           3%         N/A       100%        7


Dungeon Overview and Level Annotations

Branches:
Dungeon (3/15)

Altars:


Innate Abilities, Weirdness & Mutations

You have very sharp teeth.
Your uncanny sense of smell can sniff out nearby items.
Your experience applies equally to all skills.


Message History

You are too injured to fight recklessly!
You are too injured to fight recklessly!
You are too injured to fight recklessly!
You are too injured to fight recklessly!
You are too injured to fight recklessly!
You are too injured to fight recklessly!
You are too injured to fight recklessly!
You are too injured to fight recklessly!
You are too injured to fight recklessly!
You are too injured to fight recklessly!
You are too injured to fight recklessly!
You are too injured to fight recklessly!
You are too injured to fight recklessly!
You are too injured to fight recklessly!
You barely miss the adder.
The adder is almost dead.
You feel very sick. The adder barely misses you.
You barely miss the adder.
The adder is almost dead.
You feel sick. The adder bites you.
You are lethally poisoned!
The adder poisons you! The adder bites you.
* * * LOW HITPOINT WARNING * * *
You are more poisoned.
The adder poisons you!
You closely miss the adder.
The adder is almost dead.
* * * LOW HITPOINT WARNING * * *
You feel very sick. The adder bites you.
* * * LOW HITPOINT WARNING * * *
You closely miss the adder. Your punch misses the adder.
The adder is almost dead.
* * * LOW HITPOINT WARNING * * *
You feel very sick. The adder misses you.
You closely miss the adder.
The adder is almost dead.
You die...

#<# #.#.......##....
### #.#.#.....###'#'
..........# #.#.
∆#########.#.###.###
#.#. ........#.#.#
#..# #.#. ........#
..# ##.# #.#.
........# #.# #.##
........# #.####+##
......S@######
#........
........'....#
##.......
........####.#
#....... ........#
#.# #.......
#######.# #.#
##.##+## #.#
#.#####..#.# ...
#.#......#.# #.#
#.#.####.#.# #.
#.#.####...#


You could see an adder.

Vanquished Creatures
  A water moccasin skeleton (D:2)
  Jessica (D:3)
  An adder (D:3)
  An adder skeleton (D:3)
  A worm (D:3)
  A dart slug (D:3)
  6 bats
  3 endoplasms
  3 giant cockroaches
  A goblin (D:1)
  3 hobgoblins
  4 jackals (D:2)
  3 quokkas
  6 ball pythons
  7 kobolds
  5 rats
47 creatures vanquished.

Notes
Turn   | Place    | Note
-------+----------+-------------------------------------------
     0 | D:1      | Ablot the Gnoll Warper began the quest for the Orb.
     0 | D:1      | Reached XP level 1. HP: 20/20 MP: 6/6
   815 | D:1      | Reached XP level 2. HP: 26/26 MP: 7/7
   818 | D:1      | Learned a level 2 spell: Blink
  1252 | D:2      | Reached XP level 3. HP: 24/31 MP: 9/9
  1265 | D:2      | Reached skill level 5 in Spellcasting
  1537 | D:2      | Reached skill level 1 in Short Blades
  1537 | D:2      | Reached skill level 1 in Long Blades
  1537 | D:2      | Reached skill level 1 in Axes
  1537 | D:2      | Reached skill level 1 in Maces & Flails
  1537 | D:2      | Reached skill level 1 in Staves
  1537 | D:2      | Reached skill level 1 in Slings
  1537 | D:2      | Reached skill level 1 in Bows
  1537 | D:2      | Reached skill level 1 in Crossbows
  1537 | D:2      | Reached skill level 1 in Stealth
  1537 | D:2      | Reached skill level 1 in Shields
  1537 | D:2      | Reached skill level 1 in Unarmed Combat
  1537 | D:2      | Reached skill level 1 in Invocations
  1537 | D:2      | Reached skill level 1 in Evocations
  1537 | D:2      | Reached XP level 4. HP: 12/38 MP: 11/11
  2310 | D:3      | Noticed Jessica
  2322 | D:3      | Killed Jessica
  2323 | D:3      | Reached skill level 1 in Conjurations
  2323 | D:3      | Reached skill level 1 in Hexes
  2323 | D:3      | Reached skill level 1 in Summonings
  2323 | D:3      | Reached skill level 1 in Necromancy
  2323 | D:3      | Reached skill level 1 in Transmutations
  2323 | D:3      | Reached skill level 1 in Fire Magic
  2323 | D:3      | Reached skill level 1 in Ice Magic
  2323 | D:3      | Reached skill level 1 in Air Magic
  2323 | D:3      | Reached skill level 1 in Earth Magic
  2323 | D:3      | Reached skill level 1 in Poison Magic
  2343 | D:3      | Reached XP level 5. HP: 41/43 MP: 12/12
  2590 | D:3      | Learned a level 2 spell: Wereblood
  2726 | D:3      | Got First Steps in Sorcery
  2816 | D:3      | HP: 2/43 [poisoned by an adder]
  2817 | D:3      | Succumbed to an adder's poison

Illustrated notes

Levels and vault maps discovered:
D:1:      dpeg_arrival_three_bigger_balls, layout_basic,
          minmay_shallow_snake_nest
D:2:      layout_loops_ring
D:3:      layout_basic, uniq_jessica, uniq_natasha

Skill      XL: |  1  2  3  4 |
---------------+-------------+-----
Spellcasting   | 5 |  5.1
Short Blades   | 1 |  1.4
Long Blades    | 1 |  1.4
Axes           | 1 |  1.4
Maces & Flails | 1 |  1.4
Staves         | 1 |  1.4
Slings         | 1 |  1.4
Bows           | 1 |  1.4
Crossbows      | 1 |  1.4
Stealth        | 1 |  1.4
Shields        | 1 |  1.4
Unarmed Combat | 1 |  1.4
Invocations    | 1 |  1.5
Evocations     | 1 |  1.4
Conjurations   | 1 |  1.1
Hexes          | 1 |  1.1
Summonings     | 1 |  1.1
Necromancy     | 1 |  1.1
Transmutations | 1 |  1.1
Fire Magic     | 1 |  1.1
Ice Magic      | 1 |  1.1
Air Magic      | 1 |  1.1
Earth Magic    | 1 |  1.1
Poison Magic   | 1 |  1.1
Fighting       | |  4.7
Polearms       | |  4.7
Throwing       | |  2.9
Armour         | |  2.9
Dodging        | |  4.7
Translocations | |  5.5

Action                   |  1- 3 |  4- 6 || total
-------------------------+-------+-------++-------
Melee: Spear             |   114 |   116 ||   230
       Bite              |     9 |    10 ||    19
       Punch             |       |     4 ||     4
 Stab: Sleeping          |     2 |     4 ||     6
Armor: Leather armour    |    31 |    27 ||    58
Dodge: Dodged            |    56 |    59 ||   115
